 Dungeon Crawl Stone Soup version 0.28.0-55-gcd9437bce4 (webtiles) character file.

Game seed: 331783116694114301

3224 hikkokomori the Gusty (level 9, -5/52 HPs)
             Began as a Tengu Air Elementalist on Dec 23, 2022.
             Was a Believer of Okawaru.
             Succumbed to Grum's poison
             ... on level 7 of the Dungeon on Dec 25, 2022.
             The game lasted 00:33:41 (10313 turns).

hikkokomori the Gusty (Tengu Air Elementalist)     Turns: 10313, Time: 00:33:41

Health: -5/52      AC:  3    Str:  8    XL:     9   Next: 98%
Magic:  17/17      EV: 16    Int: 17    God:    Okawaru [**....]
Gold:   431        SH:  0    Dex: 18    Spells: 3/18 levels left

rFire   . . .      SeeInvis .   A - +0 great sword (spect)
rCold   . . .      Faith    .   (shield currently unavailable)
rNeg    . . .      Spirit   .   a - +0 robe
rPois   .          Reflect  .   (helmet restricted)
rElec   .          Harm     .   (no cloak)
rCorr   .          Rampage  .   d - +0 pair of gloves
Will    .....                   (boots unavailable)
Stlth   +++.......              (no amulet)
HPRegen 0.17/turn               (no ring)
MPRegen 0.15/turn               (no ring)

@: lethally poisoned (-5 -> -29), flying quickly and evasively, quick
A: beak, talons 3, nimble flight
a: Renounce Religion, Heroism


You were on level 7 of the Dungeon.
You worshipped Okawaru.
Okawaru was pleased with you.
You visited 2 branches of the dungeon, and saw 9 of its levels.
You also visited: Sewer.

You collected 431 gold pieces.

Inventory:

Hand Weapons
 b - a +0 dagger
 j - a +1 dagger of protection
 k - a +4 short sword of freezing
 A - a +0 spectral great sword (weapon)
 B - a +1 vorpal hand axe
 D - a +2 dagger of venom
Armour
 a - a +0 robe (worn)
 d - a +0 pair of gloves (worn)
Wands
 l - a wand of flame (6)
 p - a wand of mindburst (21)
 q - a wand of iceblast (5)
 u - a wand of acid (9)
 C - a wand of paralysis (7)
Scrolls
 c - a scroll of summoning
 e - a scroll of enchant armour {unknown}
 g - 3 scrolls of teleportation
 i - 3 scrolls of enchant weapon
 m - a scroll of fog
 r - a scroll of vulnerability {unknown}
 s - a scroll of amnesia {unknown}
 t - a scroll of silence {unknown}
 y - 2 scrolls of immolation {unknown}
 E - 2 scrolls of magic mapping
 F - a scroll of identify
Potions
 f - a potion of haste
 h - a potion of ambrosia {unknown}
 n - a potion of brilliance
 o - 2 potions of attraction
 v - a potion of might
 w - a potion of heal wounds {unknown}
 z - a potion of cancellation


   Skills:
 - Level 4.0 Fighting
 + Level 4.2 Long Blades
 + Level 3.2 Dodging
 - Level 4.0 Stealth
 - Level 5.2 Spellcasting
 - Level 3.6 Conjurations
 - Level 1.1 Translocations
 + Level 4.3 Fire Magic
 - Level 7.2 Air Magic
 + Level 6.1 Poison Magic
 - Level 4.0 Evocations


You had 3 spell levels left.
You knew the following spells:

 Your Spells              Type           Power      Damage    Failure   Level
a - Shock                 Conj/Air       92%        1d8       1%          1
b - Static Discharge      Conj/Air       23%        N/A       2%          2
c - Swiftness             Air            29%        N/A       2%          3
d - Mephitic Cloud        Conj/Pois/Air  23%        N/A       4%          3
e - Ignite Poison         Fire/Tmut/Pois 16%        N/A       10%         3
f - Teleport Other        Tloc           8%         N/A       26%         3

Your spell library contained the following spells:

 Spells                   Type           Power      Damage    Failure   Level
 Corpse Rot               Necr/Air       32%        N/A       4%          2
 Gell's Gravitas          Tloc           8%         N/A       26%         3
 Airstrike                Air            14%        N/A       7%          4
 Freezing Cloud           Conj/Ice/Air   8%         6-21      65%         5
 Dispel Undead            Necr           4%         3d7       80%         4
 Dispersal                Tloc           4%         N/A       100%        6
 Death Channel            Necr           Unusable   N/A       N/A         6

Dungeon Overview and Level Annotations

Branches:
Dungeon (8/15)             Temple (1/1) D:6           Sewer (visited)
   Lair: D:8-11

Altars:
Ashenzari
Cheibriados
Dithmenos
Elyvilon
Fedhas
Gozag
Hepliaklqana
Kikubaaqudgha
Makhleb
Okawaru
Qazlal
Sif Muna
Trog
Uskayaw
Vehumet
Xom
Yredelemnul
Zin
The Shining One

Shops:
D:7 =

Annotations:
D:6 1 runed translucent door, Gurantaxtaxq's ghost, novice TeAE
D:8 Grum; Maurice


Innate Abilities, Weirdness & Mutations

You have a beak for a mouth.
You have claws for feet.
Your magical nature lets you fly swiftly and evasively.


Message History

There is a stone staircase leading down here.
You fly downwards.
Level annotation: Grum; Maurice
Found a coral ring.
Found an escape hatch in the ceiling.
There is a stone staircase leading up here.
You fly upwards.
There is a stone staircase leading down here.
You start resting.
HP restored.
You fly downwards.
Level annotation: Grum; Maurice Grum hits you from afar with a +0 spear of venom.
You are poisoned.
There is a stone staircase leading up, spattered with blood here.
Unknown command.
Press: ? - help, v - describe, . - travel
Here: Grum, wielding a +0 spear of venom and wearing a +0 animal skin The floor.
You feel sick. Grum hits you with a +0 spear of venom!
You are lethally poisoned!
You see here a ring of positive energy.
You closely miss Grum. You claw Grum! Your peck misses Grum.
Grum is lightly wounded.
Your +0 spectral great sword barely misses Grum.
You feel extremely sick. Grum hits you but does no damage.
You are more poisoned.
Unknown command.
Okay, then.
Okay, then.
Blink to where?
Press: ? - help, Dir - move target
As you read the scroll of blinking, it crumbles to dust.
* * * LOW HITPOINT WARNING * * *
You feel extremely sick.
Unknown command.
* * * LOW HITPOINT WARNING * * *
You feel extremely sick. A mysterious force pulls you upwards.
The hatch slams shut behind you.
You die...

#.# #.#.......................
#.# #.#.#.....................
#.# #.........................
#.# #...###..<.......#........
#.# #.### #...................
#.# #.# ####.#..#.###..##...
#.# #.#######..##...####..#.##
#.# #.##....#.#####..........#
#.# ####.##.<@................
#.# ##...##...#####.#........
#.####.....##.## #.##..##...
#...#.......#.# #...#.###..
#.#....._.....# ##.........
#.###.......#########.#..##..#
#.# ##.....##.........#......#
#.# ##...#############......#
#.# ##.## #......#


There were no monsters in sight!

Vanquished Creatures
  Eustachio (D:5)
  A water moccasin (D:6)
  3 orc warriors
  2 sky beasts
  A necrophage (D:4)
  3 wolves
  An ice beast (D:6)
  3 ogres
  3 kobold brigands (D:6)
  5 bullfrogs
  A scorpion (D:6)
  2 wyvern skeletons (D:7)
  A water moccasin skeleton (D:4)
  3 wights (D:7)
  A centaur zombie (D:8)
  2 hounds
  3 orc priests
  Ijyb (D:4)
  A gnoll shaman (D:5)
  A jelly (D:8)
  2 centaur skeletons
  Jessica (D:2)
  Natasha (thrice) (D:2)
  An iguana (D:5)
  3 orc wizards
  A hound skeleton (D:5)
  A howler monkey zombie (D:7)
  Robin (D:3)
  11 gnolls
  12 adders
  A shadow imp (D:8)
  A white imp (D:5)
  2 ufetubi
  An adder skeleton (D:4)
  A worm (D:6)
  3 dart slugs
  17 orcs
  10 endoplasms
  15 giant cockroaches
  16 goblins
  8 hobgoblins
  9 jackals
  8 quokkas
  11 ball pythons
  5 bats
  7 frilled lizards
  17 kobolds
  9 rats
216 creatures vanquished.

Notes
Turn   | Place    | Note
-------+----------+-------------------------------------------
     0 | D:1      | hikkokomori the Tengu Air Elementalist began the quest for
                  | the Orb.
     0 | D:1      | Reached XP level 1. HP: 10/10 MP: 4/4
   161 | D:1      | Reached XP level 2. HP: 10/15 MP: 6/6
   267 | D:1      | Learned a level 2 spell: Static Discharge
   499 | D:1      | Reached skill level 5 in Air Magic
   771 | D:1      | Reached XP level 3. HP: 8/19 MP: 5/7
   775 | D:1      | Learned a level 3 spell: Swiftness
  1692 | D:2      | Reached skill level 1 in Fighting
  1692 | D:2      | Reached XP level 4. HP: 22/25 MP: 0/8
  1930 | D:2      | Noticed Jessica
  1953 | D:2      | Killed Jessica
  1954 | D:2      | Reached skill level 6 in Air Magic
  2265 | D:2      | Noticed Natasha
  2269 | D:2      | Gained mutation: Your magical nature lets you fly swiftly
                  | and evasively. [Tengu growth]
  2269 | D:2      | Reached XP level 5. HP: 30/30 MP: 6/10
  2275 | D:2      | Killed Natasha
  2448 | D:2      | Learned a level 3 spell: Mephitic Cloud
  2621 | D:2      | Found a faded altar of an unknown god.
  2755 | D:2      | Noticed Natasha
  2764 | D:2      | Killed Natasha
  2841 | D:3      | Reached skill level 1 in Poison Magic
  2914 | D:2      | Noticed Natasha
  2929 | D:2      | Killed Natasha
  2930 | D:2      | Reached XP level 6. HP: 5/36 MP: 3/12
  3389 | D:3      | Noticed Robin
  3399 | D:3      | Killed Robin
  4040 | D:4      | Noticed a necrophage
  4319 | D:4      | Killed a necrophage
  4608 | D:4      | Reached XP level 7. HP: 28/41 MP: 9/14
  4715 | D:4      | Noticed Ijyb
  4736 | D:4      | Killed Ijyb
  4987 | D:5      | Entered Level 5 of the Dungeon
  5169 | D:5      | Noticed Eustachio
  5179 | D:5      | Killed Eustachio
  5518 | D:5      | Found a bloodstained altar of Trog.
  5518 | D:5      | Found an iron altar of Okawaru.
  5526 | D:5      | Reached XP level 8. HP: 46/46 MP: 9/15
  5534 | D:5      | Became a worshipper of Warmaster Okawaru
  6084 | D:6      | Found a staircase to the Ecumenical Temple.
  6091 | D:6      | Reached skill level 5 in Spellcasting
  6091 | D:6      | Reached skill level 1 in Evocations
  6100 | D:6      | Found a glowing drain.
  6144 | Sewer    | Entered a sewer
  6538 | Sewer    | Learned a level 3 spell: Ignite Poison
  6542 | Sewer    | Learned a level 3 spell: Teleport Other
  6679 | D:6      | Found a runed translucent door.
  6681 | D:6      | Noticed Gurantaxtaxq's ghost (novice TeAE)
  6770 | D:6      | Reached * piety under Okawaru
  6911 | D:6      | Reached skill level 1 in Long Blades
  6911 | D:6      | Reached skill level 1 in Translocations
  6911 | D:6      | Reached skill level 1 in Fire Magic
  7217 | D:6      | Found a shimmering altar of Xom.
  7286 | D:6      | Found a blossoming altar of Fedhas.
  7369 | D:6      | Reached XP level 9. HP: 20/52 MP: 13/17
  7964 | D:6      | Reached skill level 5 in Poison Magic
  8614 | D:7      | Found Paofiwk's Jewellery Shoppe.
  8834 | Temple   | Entered the Ecumenical Temple
  9250 | D:7      | Reached ** piety under Okawaru
  9297 | D:7      | Reached skill level 7 in Air Magic
  9659 | D:7      | Found a glowing golden altar of the Shining One.
  9922 | D:8      | Noticed Maurice
 10172 | D:8      | Noticed Grum
 10312 | D:8      | HP: 2/52 [poisoned by Grum]
 10313 | D:7      | Succumbed to Grum's poison

Illustrated notes

Levels and vault maps discovered:
D:1:      evilmike_arrival_plus, layout_loops_corners
D:2:      layout_basic, chequers_ecumenical_altar_grove, grunt_ministairs_13,
          uniq_natasha, uniq_jessica
D:3:      layout_loops_ring, minmay_starry_boxes, uniq_robin
D:4:      layout_cave_pools, kennysheep_generic_room_5, uniq_ijyb
D:5:      layout_cave_pools, grunt_temple_overflow_bloody_war,
          amcnicky_mini_rare_corridor_liquid, uniq_eustachio
D:6:      layout_basic, jmf_multi_god_temple, minmay_temple_entry_tees,
          cheibrodos_sewer_entry_sluice, ebering_ghost_sewer_d
D:7:      layout_rooms, lemuel_round_altar, serial_shops, nicolae_diamond_shop
D:8:      layout_cave_pools, lair_entry_dummy, roderic_lattice_a, uniq_maurice,
          uniq_erica, uniq_grum
Temple:   minmay_temple_curvy_branch

Skill      XL: |  1  2  3  4  5  6  7  8  9 |
---------------+----------------------------+-----
Air Magic      | 5 6 7 |  7.2
Fighting       | 1 2 3 4 |  4.0
Spellcasting   | 3 4 5 |  5.2
Poison Magic   | 1 2 3 4 6 |  6.1
Stealth        | 3 4 |  4.0
Conjurations   | 3 |  3.6
Evocations     | 2 4 |  4.0
Long Blades    | 1 4 |  4.2
Translocations | 1 |  1.1
Fire Magic     | 1 4 |  4.3
Dodging        | 3 |  3.2

Action                   |  1- 3 |  4- 6 |  7- 9 || total
-------------------------+-------+-------+-------++-------
Melee: Unarmed           |     8 |       |       ||     8
       Dagger            |    58 |    71 |       ||   129
       Kick              |    17 |    27 |    41 ||    85
       Peck              |    11 |     7 |    26 ||    44
       Punch             |     1 |       |       ||     1
       Short sword       |       |    23 |    47 ||    70
       Great sword       |       |       |    86 ||    86
 Cast: Shock             |    21 |    76 |   120 ||   217
       Static Discharge  |     2 |     9 |     9 ||    20
       Mephitic Cloud    |       |       |    15 ||    15
       Swiftness         |       |       |     2 ||     2
       Ignite Poison     |       |       |     8 ||     8
Evoke: Wand              |       |     5 |    23 ||    28
  Use: Scroll            |       |     8 |     7 ||    15
       Potion            |       |       |     1 ||     1
 Stab: Sleeping          |     7 |     4 |     2 ||    13
       Distracted        |     1 |       |     1 ||     2
       Confused          |       |       |     3 ||     3
Armor: Robe              |     5 |    22 |    30 ||    57
Dodge: Dodged            |    36 |    72 |   146 ||   254
